 Dungeon Crawl Stone Soup version 0.29-a0-218-gf2abdc9806 (webtiles) character file.

Game seed: 2668351373906592429

189 Colgate the Conjurer (level 5, 0/35 HPs)
             Began as a Demonspawn Conjurer on Feb 25, 2022.
             Killed by nerve-wracking pain
             ... invoked by Grinder
              (7 damage)
             ... while paralysed by Grinder
             ... on level 3 of the Dungeon.
             The game lasted 00:06:17 (3310 turns).

Colgate the Conjurer (Demonspawn Conjurer)          Turns: 3310, Time: 00:06:18

Health: 0/35       AC:  4    Str:  7    XL:     5   Next: 40%
Magic:  1/8        EV:  2    Int: 21    God:
Gold:   116        SH:  0    Dex: 12    Spells: 1/8 levels left

rFire   . . .      SeeInvis .   m - +0 halberd
rCold   . . .      Faith    .   (shield currently unavailable)
rNeg    . . .      Spirit   .   a - +0 robe
rPois   .          Reflect  .   f - +1 hat
rElec   .          Harm     .   o - +0 cloak
rCorr   .          Rampage  .   (no gloves)
Will    .....                   (no boots)
Stlth   ++........              (no amulet)
HPRegen 0.11/turn               (no ring)
MPRegen 0.11/turn               (no ring)

@: paralysed
A: hooves 1
a: no special abilities


You were on level 3 of the Dungeon.
You visited 1 branch of the dungeon, and saw 3 of its levels.

You collected 116 gold pieces.

Inventory:

Hand Weapons
 m - a +0 halberd (weapon)
 q - a +3 quarterstaff of chaos
Armour
 a - a +0 robe (worn)
 f - a +1 hat (worn)
 o - a +0 cloak (worn)
Magical Staves
 g - a staff of fire
Jewellery
 c - a ring of ice
Scrolls
 b - a scroll of enchant weapon {unknown}
 d - a scroll of teleportation {unknown}
 h - a scroll of magic mapping {unknown}
 k - a scroll of fog {unknown}
 l - a scroll of blinking {unknown}
 n - a scroll of identify {unknown}
Potions
 e - a potion of heal wounds {unknown}
 i - a potion of brilliance {unknown}
 j - 3 potions of curing {unknown}
 p - a potion of magic {unknown}


   Skills:
 - Level 1.7 Dodging
 - Level 1.7 Stealth
 - Level 2.0 Spellcasting
 - Level 6.0 Conjurations
 + Level 2.8 Hexes


You had one spell level left.
You knew the following spells:

 Your Spells              Type           Power      Damage    Failure   Level
a - Magic Dart            Conj           100%       1d8       1%          1
b - Searing Ray           Conj           54%        2d6       1%          2
c - Fulminant Prism       Conj/Hex       10%        3d9       24%         4

Your spell library contained the following spells:

 Spells                   Type           Power      Damage    Failure   Level
 Dazzling Flash           Conj/Hex       40%        N/A       8%          3
 Iskenderun's Mystic Bla  Conj/Tloc      14%        2d5       38%         4


Dungeon Overview and Level Annotations

Branches:
Dungeon (3/15)

Altars:

Annotations:
D:3 1 runed translucent door, Grinder; nuaici's ghost, weakling MiAK


Innate Abilities, Weirdness & Mutations

You have large cloven feet.


Message History

Grinder blinks!
You can move again.
You see here 17 gold pieces.
Casting: Searing Ray (safe; 1% risk of failure)
Aiming: Searing Ray (safe; 1% risk of failure)
Aim: Grinder (77% to hit)
Okay, then.
You aren't carrying any items that you can evoke.
Unknown command.
Casting: Searing Ray (safe; 1% risk of failure)
Okay, then.
Casting: Searing Ray (safe; 1% risk of failure)
Aiming: Fulminant Prism (extremely dangerous; 24% risk of failure)
Aim: Grinder
Okay, then.
Casting: Fulminant Prism (extremely dangerous; 24% risk of failure)
Aiming: Searing Ray (safe; 1% risk of failure)
Aim: Grinder (77% to hit)
The searing ray hits Grinder. (Press . to maintain the ray.) Grinder closely misses you.
The searing ray misses Grinder.
Grinder gestures at you. Pain shoots through your body!
The searing ray hits Grinder.
Grinder hits you.
You writhe in agony.
The searing ray hits Grinder!
You finish channelling your searing ray.
Grinder misses you.
Casting: Searing Ray (safe; 1% risk of failure)
Aiming: Searing Ray (safe; 1% risk of failure)
Aim: Grinder (heavily wounded, 77% to hit)
The searing ray hits Grinder. (Press . to maintain the ray.) Grinder gestures at you.
You suddenly lose the ability to move!
Grinder hits you.
You writhe in agony.
* * * LOW HITPOINT WARNING * * *
Grinder gestures at you. Pain shoots through your body!
You die...

######.####......##...
#..[........########.#
...####.###### #.#
##.# #.# #..# ##.#
#.## #..# ..#####.#
#.## #.....$5# ## #.#
#######@# #♣8♣ #.#
#....##./W ##.#
#.##..##+#####..# ..#
#.......##.## ...
........#..# #.##
#<........## #.
#........## #.
######..# ##....##


You could see Grinder.

Vanquished Creatures
  Crazy Yiuf (D:2)
  5 adders
  5 gnolls
  A worm (D:2)
  4 dart slugs (D:1)
  5 bats
  6 endoplasms
  2 giant cockroaches
  8 goblins
  2 hobgoblins (D:1)
  2 jackals (D:1)
  3 kobolds
  2 quokkas
  4 ball pythons
  2 frilled lizards
  8 rats
60 creatures vanquished.

Notes
Turn   | Place    | Note
-------+----------+-------------------------------------------
     0 | D:1      | Colgate the Demonspawn Conjurer began the quest for the
                  | Orb.
     0 | D:1      | Reached XP level 1. HP: 13/13 MP: 3/3
   284 | D:1      | Gained mutation: You have large cloven feet. [demonic
                  | ancestry]
   284 | D:1      | Reached XP level 2. HP: 19/19 MP: 0/5
   287 | D:1      | Learned a level 2 spell: Searing Ray
   939 | D:1      | Reached skill level 5 in Conjurations
   988 | D:1      | Reached XP level 3. HP: 24/24 MP: 2/6
  1894 | D:2      | Reached XP level 4. HP: 30/30 MP: 2/7
  2250 | D:2      | Reached skill level 6 in Conjurations
  2255 | D:2      | Learned a level 4 spell: Fulminant Prism
  2499 | D:2      | Reached skill level 1 in Hexes
  2720 | D:2      | Reached XP level 5. HP: 35/35 MP: 4/8
  2809 | D:2      | Found a runed translucent door.
  2810 | D:2      | Noticed Crazy Yiuf
  2818 | D:2      | Killed Crazy Yiuf
  3226 | D:3      | Found a runed translucent door.
  3226 | D:3      | Noticed nuaici's ghost (weakling MiAK)
  3290 | D:3      | Noticed Grinder
  3298 | D:3      | Paralysed by Grinder for 6 turns
  3308 | D:3      | Paralysed by Grinder for 7 turns
  3310 | D:3      | Killed from afar by Grinder

Illustrated notes

Levels and vault maps discovered:
D:1:      dpeg_arrival_lava_temple_mockup, layout_loops_ring
D:2:      layout_loops_ring, uniq_crazy_yiuf_cottage
D:3:      layout_rooms, gammafunk_ghost_grave, chequers_serial_rivers_small_b,
          uniq_grinder

Skill      XL: |  1  2  3  4  5 |
---------------+----------------+-----
Conjurations   | 5 6 |  6.0
Hexes          | 1 2 |  2.8
Dodging        | |  1.7
Stealth        | |  1.7
Spellcasting   | |  2.0

Action                   |  1- 3 |  4- 6 || total
-------------------------+-------+-------++-------
Melee: Unarmed           |     4 |       ||     4
 Cast: Magic Dart        |    59 |    27 ||    86
       Searing Ray       |    10 |    21 ||    31
Dodge: Dodged            |     6 |     7 ||    13

Table legend: (Time is in decaauts)
 A = Elapsed time spent in this place.
 B = Non-inter-level travel time spent in this place.
 C = Inter-level travel time spent in this place.
 D = Time resting spent in this place.
 E = Time spent auto-exploring this place.
 F = Levels seen in this place.
 G = Mean time per level.
                   A        B        C        D        E       F      G
               +--------+--------+--------+--------+--------+-----+--------+
         Total |   3309 |   3235 |     74 |      0 |   2848 |   3 | 1103.0 |
       Dungeon |   3309 |   3235 |     74 |      0 |   2848 |   3 | 1103.0 |
               +--------+--------+--------+--------+--------+-----+--------+

Top non-repeatable levels by time:
     D:1: 1574 daAuts
     D:2: 1528 daAuts
     D:3: 206 daAuts
